 Dungeon Crawl Stone Soup version 0.27-a0-901-g8736458 (webtiles) character file.

Game seed: 7472680621675801302

92 Nithhogg the Skirmisher (level 4, -2/35 HPs)
             Began as a Demonspawn Fighter on Apr 5, 2021.
             Slain by an orc priest
             ... wielding a +0 short sword
              (4 damage)
             ... on level 2 of the Dungeon.
             The game lasted 00:03:57 (2319 turns).

Nithhogg the Skirmisher (Demonspawn Fighter)        Turns: 2319, Time: 00:03:58

Health: -2/35      AC:  6    Str: 18    XL:     4   Next: 35%
Magic:  5/5        EV: 13    Int:  9    God:
Gold:   60         SH:  0    Dex: 12    Spells: 3/3 levels left

rFire    . . .     SeeInvis .   a - +0 long sword
rCold    . . .     Faith    .   (no shield)
rNeg     . . .     Spirit   .   b - +0 scale mail
rPois    .         Reflect  .   (helmet restricted)
rElec    .         Harm     .   (no cloak)
rCorr    .         Rampage  .   (no gloves)
Will     .....                  (no boots)
Stlth    ..........             (no amulet)
HPRegen  0.11/turn              (no ring)
MPRegen  0.09/turn              (no ring)

@: no status effects
A: antennae 1, repulsion field 2
a: no special abilities


You were on level 2 of the Dungeon.
You visited 1 branch of the dungeon, and saw 3 of its levels.

You collected 60 gold pieces.

Inventory:

Hand Weapons
 a - a +0 long sword (weapon)
Armour
 b - a +0 scale mail (worn)
 c - a +0 kite shield
Scrolls
 f - 5 scrolls of identify {unknown}
 g - a scroll of fog {unknown}
 j - a scroll of enchant armour {unknown}
 k - a scroll of immolation {unknown}
 l - a scroll of magic mapping {unknown}
Potions
 d - 2 potions of might
 e - a potion of degeneration {unknown}
 h - a potion of ambrosia {unknown}
 i - a potion of mutation {unknown}


   Skills:
 + Level 3.5 Fighting
 + Level 2.3 Long Blades
 + Level 3.2 Armour
 + Level 1.4 Dodging
 - Level 2.6 Shields
 + Level 2.1 Invocations


You had 3 spell levels left.
You didn't know any spells.
Your spell library contained the following spells:

 Spells                   Type           Power      Damage    Failure   Level
 Magic Dart               Conj           0%         1d3       77%         1
 Blink                    Tloc           N/A        N/A       88%         2
 Call Imp                 Summ           0%         N/A       88%         2
 Slow                     Hex            0%         N/A       88%         2
 Conjure Flame            Conj/Fire      0%         6-21      98%         3
 Mephitic Cloud           Conj/Pois/Air  0%         N/A       98%         3


Dungeon Overview and Level Annotations

Branches:
Dungeon (3/15)

Altars:


Innate Abilities, Weirdness & Mutations

You have a pair of small antennae on your head.
You are surrounded by a moderate repulsion field. (EV +3)


Message History

No target in view!
You start waiting.
Done waiting.
You climb downwards.
The orc hits you but does no damage.
There is a stone staircase leading up here.
The orc hits you with a +0 short sword.
You climb upwards.
There is a stone staircase leading down here.
You barely miss the orc. The orc barely misses you. The orc closely misses you.
You closely miss the orc. The orc misses you.
You riposte.
You slash the orc!
You kill the orc!
No target in view!
No target in view!
No target in view!
No target in view!
No target in view!
No target in view!
No target in view!
No target in view!
No target in view!
You climb downwards.
There is a stone staircase leading up here.
You closely miss the orc priest.
The orc priest mumbles some strange prayers to Beogh against you.
Beogh smites you!
You slash the orc priest!
The orc priest is heavily wounded.
The orc priest hits you with a +0 short sword.
There is a stone staircase leading up here.
The orc priest closely misses you.
The orc priest hits you with a +0 short sword.
You climb upwards.
There is a stone staircase leading down here.
You hit the orc priest.
The orc priest is heavily wounded.
The orc priest calls down the wrath of Beogh upon you.
Pain shoots through your body!
* * * LOW HITPOINT WARNING * * *
The orc priest hits you with a +0 short sword.
You die...

#.#####..###..#.#########.#
...........#..#.# #.#
#.####.....#..#.#########.##
#.# #......................#
#.# #......##.#.###.#####..#
#.###...............# #..#
......#######.#.##### #..#
####### #.#[#########..#
#...@o.........#
###o#########..# #...# #..#
###.# #..# ### #.# #..######
..# #.# #........ #.# #.#
#.....### #.# ####.#
#####.### #.# #....# #.#..


You could see 2 orc priests.

Vanquished Creatures
  Robin (D:2)
  A gnoll (D:1)
  An adder (D:3)
  A dart slug (D:2)
  3 orcs (D:2)
  4 ball pythons (D:1)
  3 endoplasms
  5 giant cockroaches
  12 goblins
  5 hobgoblins
  A kobold (D:2)
  A quokka (D:1)
  4 bats
  7 frilled lizards
  3 rats
52 creatures vanquished.

Notes
Turn   | Place    | Note
-------+----------+-------------------------------------------
     0 | D:1      | Nithhogg the Demonspawn Fighter began the quest for the
                  | Orb.
     0 | D:1      | Reached XP level 1. HP: 18/18 MP: 1/1
   145 | D:1      | Reached skill level 1 in Invocations
   145 | D:1      | Gained mutation: You are surrounded by a mild repulsion
                  | field. (EV +2) [demonic ancestry]
   145 | D:1      | Reached XP level 2. HP: 14/24 MP: 2/2
   640 | D:1      | Gained mutation: You have a pair of small antennae on your
                  | head. [demonic ancestry]
   640 | D:1      | Reached XP level 3. HP: 28/29 MP: 3/3
  1172 | D:2      | Reached skill level 1 in Dodging
  1439 | D:2      | Noticed Robin
  1464 | D:2      | Killed Robin
  1482 | D:2      | Gained mutation: You are surrounded by a moderate repulsion
                  | field. (EV +3) [demonic ancestry]
  1482 | D:2      | Reached XP level 4. HP: 17/35 MP: 5/5
  2319 | D:2      | Slain by an orc priest

Illustrated notes

Levels and vault maps discovered:
D:1:      dpeg_arrival_round_a, layout_basic
D:2:      layout_loops_ring, uniq_robin
D:3:      layout_loops_ring, kennysheep_donut

Skill      XL: |  1  2  3  4 |
---------------+-------------+-----
Long Blades    | 2 |  2.3
Invocations    | 1 2 |  2.1
Armour         | 3 |  3.2
Dodging        | 1 |  1.4
Fighting       | |  3.5
Shields        | |  2.6

Action                   |  1- 3 |  4- 6 || total
-------------------------+-------+-------++-------
Melee: Long sword        |   105 |    24 ||   129
Armor: Scale mail        |    50 |     4 ||    54
Dodge: Dodged            |    83 |    25 ||   108
       Rpst.: Long sword |    23 |     5 ||    28

Table legend: (Time is in decaauts)
 A = Elapsed time spent in this place.
 B = Non-inter-level travel time spent in this place.
 C = Inter-level travel time spent in this place.
 D = Time resting spent in this place.
 E = Time spent auto-exploring this place.
 F = Levels seen in this place.
 G = Mean time per level.
                   A        B        C        D        E       F      G
               +--------+--------+--------+--------+--------+-----+--------+
         Total |   2359 |   2298 |     61 |    436 |   1530 |   3 |  786.3 |
       Dungeon |   2359 |   2298 |     61 |    436 |   1530 |   3 |  786.3 |
               +--------+--------+--------+--------+--------+-----+--------+

Top non-repeatable levels by time:
     D:1: 1153 daAuts
     D:2: 1085 daAuts
     D:3: 120 daAuts
